[Event "IV Estrellas 2022"]
[Site "La Palma"]
[Date "2022.08.12"]
[Round "9.13"]
[White "Pleschke, Julius Jonas"]
[Black "Brito Garcia, Alfredo"]
[Result "1/2-1/2"]
[ECO "D00"]
[WhiteElo "1685"]
[BlackElo "2291"]
[Annotator "TA"]
[PlyCount "61"]
[EventDate "2022.08.06"]
[EventType "swiss"]
[EventCountry "ESP"]
[SourceTitle "playchess.com"]
[Source "ChessBase"]
[SourceQuality "1"]
[TimeControl "5400+30"]

1. d4 Nf6 2. Nc3 d5 3. Bf4 c6 4. e3 g6 5. Bd3 Bg7 6. Nf3 O-O 7. h3 {[%emt 0:00:27] D00: 1 d4 d5: Unusual lines.} b6 8. O-O c5 9. Ne5 Bb7 10. Re1 Nfd7 {[%emt 0:04:27] [#]} 11. Bh2 $146 (11. Nf3 $11) ({Predecessor:} 11. Nf3 Nf6 12. Be2 Ne4 13. Nxe4 dxe4 14. Ne5 cxd4 15. Qxd4 Qxd4 16. exd4 Nc6 17. c3 Nxe5 18. dxe5 {0-1 (46) Okhotnik,V (2363)-Bergez,L (2314) Paris 2019}) 11... Nc6 (11... Nxe5 $15 12. Bxe5 Bxe5 13. dxe5 Nc6) 12. Nxc6 Bxc6 13. Bb5 Qc8 14. Bxc6 Qxc6 15. Ne2 Rfc8 16. c3 e6 17. Nf4 b5 18. h4 b4 $1 19. h5 cxd4 20. cxd4 Qc2 21. Nd3 Bf8 22. hxg6 hxg6 23. Qxc2 Rxc2 24. Rac1 Rac8 25. Rxc2 Rxc2 26. Rc1 Rd2 {[%emt 0:07:44] [#]} (26... b3 $11 {remains equal.} 27. axb3 Rd2) 27. Ne5 $2 (27. Kf1 $1 $16 ) 27... Nb6 $17 28. Ng4 $2 (28. b3 $17 {was necessary.}) 28... f5 $2 (28... Rxb2 $19 29. Ra1 Bg7) 29. Nf6+ $11 {[%emt 0:00:45] The position is equal.} Kf7 30. Rc7+ $1 ({Don't play} 30. Be5 Nc4 31. b3 Bg7 32. bxc4 Bxf6 33. cxd5 Bxe5 34. dxe5 exd5 35. Rc7+ Ke6 36. Rxa7 Kxe5 $15) 30... Kxf6 31. Bd6 $2 {[%emt 0:16:09][%mdl 40960] Weighted Error Value: White=0.24 (precise) /Black=0.31. An unexpected result.} 1/2-1/2

[Event "IV Estrellas 2022"]
[Site "La Palma"]
[Date "2022.08.12"]
[Round "9.14"]
[White "Capote Robayna, Nathaniel"]
[Black "Baeza Escudero, Javier"]
[Result "1-0"]
[ECO "D00"]
[WhiteElo "2150"]
[BlackElo "1861"]
[Annotator "TA"]
[PlyCount "153"]
[EventDate "2022.08.06"]
[EventType "swiss"]
[EventCountry "ESP"]
[SourceTitle "playchess.com"]
[Source "ChessBase"]
[SourceQuality "1"]
[TimeControl "5400+30"]

1. d4 Nf6 2. Bf4 d5 3. e3 c5 4. c3 Nc6 5. Nd2 Bf5 6. Ngf3 {[%emt 0:03:12] D00: 1 d4 d5: Unusual lines.} Qb6 7. Qb3 c4 8. Qxb6 {[%emt 0:00:13] The position is equal.} axb6 9. a3 b5 {[%emt 0:00:55] The main line 9...b5 scores better than 9...h6.} 10. Rc1 Nh5 {[%emt 0:05:31] [#]} 11. Bg3 $146 ({Predecessor:} 11. Be2 Nxf4 12. exf4 f6 13. O-O e6 14. Rfe1 Bd6 15. g3 Kf7 16. Nh4 Bh3 17. Bf1 Bxf1 18. Nxf1 {½-½ (30) Yarmonov,I (2394)-Kulpruethanon,T (2278) Chess.com INT 2021}) 11... h6 12. Be2 Nxg3 13. hxg3 Bh7 (13... e6 {is more complex.} 14. Ne5 Bd6 15. f4 Ke7) 14. g4 f6 15. Bd1 O-O-O 16. Bc2 Bxc2 17. Rxc2 e6 18. Nh4 Bd6 19. Ng6 Rhe8 20. Kd1 e5 21. Nf3 exd4 22. exd4 (22. Nxd4 $14 Ne5 23. Nxe5 fxe5 24. Nxb5) 22... Re4 $11 23. Re2 {[%emt 0:08:07] Threatens to win with Rxe4.} Rxg4 24. Nfh4 Re4 (24... Kc7 $11) 25. Rxe4 $1 $16 dxe4 26. Re1 Re8 27. f3 Kd7 28. Rxe4 Ne7 {[%emt 0:02:34] Against Nf5} 29. Nxe7 Rxe7 30. Rxe7+ (30. Nf5 $5 Rxe4 31. fxe4 $14) 30... Bxe7 $14 {[%emt 0:00:10][%mdl 4096] Endgame KB-KN} 31. Nf5 Bf8 32. Ke2 Ke6 33. g4 h5 34. Nh4 hxg4 35. fxg4 Bd6 36. Kf3 {[%emt 0:04:59] Against Bf4} Kf7 37. Ke4 {[%emt 0:00:54] Black must now prevent Nf5.} g6 {[%emt 0:01:27] Inhibits Nf5.} 38. Nf3 Ke6 $2 {[%emt 0:00:38] White leaves nothing to chance now.} (38... Ke8 $11 {and Black stays safe.}) 39. d5+ $18 Kf7 $2 (39... Kd7 {might work better.} 40. Nd4 Bf8 41. Nxb5 Bh6) 40. Nd4 Bf8 41. Nxb5 Bh6 (41... Ke7 $142 42. Kd4 g5) 42. Nd6+ Ke7 43. Nxc4 b5 44. Ne3 Kd6 45. Nc2 Bc1 46. b3 f5+ 47. gxf5 gxf5+ 48. Kxf5 {[%emt 0:00:29] Ke4 would kill now.} Kxd5 49. Nb4+ Kd6 50. Ke4 $1 Bxa3 51. Kd4 $2 (51. Nd3 {mates} Ke7 52. b4 Ke6 53. Nf4+ Kd7 54. Ne2 Ke6 55. Nd4+ Ke7 56. Nxb5) 51... Bb2 $2 (51... Bc1 $11) 52. Nd3 {[%emt 0:00:15] White mates.} Ba1 53. b4 Kc6 54. Nf4 Bb2 {[%emt 0:00:43] [#]} 55. Ne2 $1 Ba3 56. Ke5 Bb2 {[%emt 0:00:14] [#]} 57. Ke4 $1 Ba3 58. Kd3 Kd5 59. Nd4 Bc1 60. Nxb5 Bg5 61. c4+ Kc6 62. Nc3 Be7 63. Nd5 Bf8 64. Kc3 Bg7+ 65. Kb3 Bf8 66. Nc3 Be7 67. Ne4 Bf8 68. Ka4 Be7 69. Ka5 Kb7 70. b5 Bd8+ 71. Kb4 Be7+ 72. c5 Bd8 73. Kc4 Ba5 74. Kd5 Kc7 75. Nd6 Bb4 76. b6+ Kb8 77. c6 {[%emt 0:00:07] Weighted Error Value: White=0.21 (precise) /Black=0.43} 1-0

[Event "IV Estrellas 2022"]
[Site "La Palma"]
[Date "2022.08.12"]
[Round "9.15"]
[White "Carraminana Lopez, Luis Antonio"]
[Black "Cruz Gomez, Isidro"]
[Result "0-1"]
[ECO "C54"]
[WhiteElo "1910"]
[BlackElo "2089"]
[Annotator "TA"]
[PlyCount "88"]
[EventDate "2022.08.06"]
[EventType "swiss"]
[EventCountry "ESP"]
[SourceTitle "playchess.com"]
[Source "ChessBase"]
[SourceQuality "1"]
[TimeControl "5400+30"]

1. e4 e5 2. Nf3 Nc6 3. Bc4 Nf6 4. d3 Bc5 5. c3 a6 6. Nbd2 Ba7 {[%emt 0:00:24] C54: Giuoco Piano: 4 c3 Nf6, main lines with 5 d4 and 5 d3.} 7. O-O d6 8. a4 h6 {[%emt 0:00:11] White has an edge.} 9. Re1 Ng4 10. Re2 O-O 11. Nf1 Be6 {[%emt 0:02:02] [#]} 12. h3 $146 ({Predecessor:} 12. Bxe6 fxe6 13. h3 Rxf3 14. gxf3 Nf6 15. Ng3 Nh7 16. Kg2 Qf6 17. Be3 Rf8 18. Bxa7 Qxf3+ {1-0 (46) Van Foreest,J (2614)-Kovalev,V (2683) St Petersburg 2018}) 12... Nf6 13. Bxe6 fxe6 14. b4 Nh5 15. N1h2 Nf4 16. Bxf4 Rxf4 17. Qb3 Qe7 18. Raa2 Nb8 19. b5 a5 20. d4 Nd7 21. Qc4 Bb6 22. dxe5 $2 (22. g3 $11 {and White is okay.} Rf7 23. Nh4) 22... d5 $1 $19 23. Qb3 Nc5 (23... dxe4 24. Nd4 $15) (23... Rxe4 24. Rxe4 Nc5 25. Qa3 dxe4 26. Nd4 $17) 24. Qa3 dxe4 (24... Rxe4 25. Nd4 $17) 25. Nd4 Qg5 $1 26. Rad2 Qxe5 27. Qa2 Qd5 {[%emt 0:03:21] aiming for ...Qxa2.} 28. Qc2 (28. Ng4 $17) 28... Qc4 {[%emt 0:00:55] Hoping for ...e5.} 29. Ng4 Nd3 $2 (29... Nxa4 30. Ne3 Qxc3 31. Qxa4 $16) (29... Qxa4 $19 30. Qxa4 Nxa4 31. Nxe6 Rf5) 30. g3 (30. Ne3 $16 Qc5 31. Nxe6) 30... Rxg4 $1 $11 31. hxg4 Bxd4 $2 (31... Nc5 $11 {and Black stays safe.}) 32. cxd4 $18 Qxd4 33. Qxc7 Qa1+ (33... Qd5 $18 34. Re3 Rf8) 34. Kh2 (34. Kg2 $1 $16 Rf8 35. Qc4 (35. Rxe4 Ne1+ 36. Rxe1 Qxe1 $16) 35... Ne1+ 36. Rxe1 $1 (36. Kh3 Nf3) 36... Qxe1 37. Re2) 34... Rf8 $36 {[%emt 0:01:39][%mdl 2048] ...Ne5 is the strong threat. Black is more active.} 35. Qc2 (35. Qxa5 Ne5 36. Qc3 Qxc3 37. Kh3 Qa1 38. f4 exf3 39. Rf2 Qh1+ 40. Rh2 Qf1+) 35... Ne5 $2 (35... Ne1 $1 $11 36. Qd1 (36. Qxe4 $2 Nf3+ 37. Qxf3 Rxf3 $19) 36... Nf3+ 37. Kg2 Qf6) 36. Rd1 $18 ({Wrong is} 36. Qxe4 $2 Nf3+ 37. Qxf3 Rxf3 $19) 36... Nxg4+ {[%emt 0:01:44] [#]} 37. Kg2 $2 ({White has to play} 37. Kg1 $1 $18 Qf6 38. Rf1) 37... Qe5 $11 {[%emt 0:00:48][%cal Of8f2] Threatens to win with ...Rxf2+!} 38. Rd7 $2 {[%emt 0:04:28][%mdl 8192] [#] This move loses the game for White.} (38. Rde1 $11 Qh5 39. Rh1) 38... Rxf2+ $1 $19 {[%emt 0:03:48][%mdl 512] Black is clearly winning.} 39. Rxf2 Ne3+ 40. Kg1 Nxc2 41. Rxc2 e3 {[%emt 0:02:00] White must now prevent ...e2.} 42. Re2 Qe4 {[%emt 0:02:36] And now ...Qf3 would win.} 43. b6 Qf3 44. Rd8+ Kh7 {[%emt 0:00:25] Weighted Error Value: White=0.64/Black=0.27 (precise)} 0-1

[Event "IV Estrellas 2022"]
[Site "La Palma"]
[Date "2022.08.12"]
[Round "9.16"]
[White "Perez Bolanos, Joel"]
[Black "Perogio, Lorenzo"]
[Result "1-0"]
[ECO "A59"]
[WhiteElo "2036"]
[BlackElo "1890"]
[Annotator "TA"]
[PlyCount "61"]
[EventDate "2022.08.06"]
[EventType "swiss"]
[EventCountry "ESP"]
[SourceTitle "playchess.com"]
[Source "ChessBase"]
[SourceQuality "1"]
[TimeControl "5400+30"]

1. d4 Nf6 2. c4 c5 3. d5 b5 4. cxb5 a6 5. bxa6 Bxa6 6. Nc3 g6 7. e4 Bxf1 8. Kxf1 d6 9. g3 Bg7 10. Kg2 O-O 11. Nf3 Na6 12. Bg5 {[%emt 0:04:02] [#] A59: Benko/Volga Gambit: White castles by hand.} h6 $146 ({Predecessor:} 12... Qb6 13. Qd2 Nc7 14. Rhe1 Rfb8 15. Rab1 Nb5 16. e5 dxe5 17. Nxe5 Nd4 18. Nf3 Nxf3 19. Kxf3 Qb7 {0-1 (39) Sahil,T (2245)-Milanovic,D (2471) Arandjelovac 2021}) 13. Bd2 {[%emt 0:05:55] White is more active.} (13. Bxf6 $5 Bxf6 14. h3 $16) 13... Qb6 14. Rb1 {[%emt 0:02:01] White is slightly better.} e6 15. dxe6 fxe6 16. e5 (16. Re1 $5 ) 16... Ng4 17. exd6 {[%emt 0:06:43] And now h3 would win.} Qc6 18. Re1 Ne5 {[%emt 0:01:48] [#]} 19. Rxe5 Bxe5 20. Bxh6 {[%emt 0:01:17] Really sharp!} Bg7 {[%emt 0:00:14][%mdl 8192] A mistake that costs the game.} (20... Rf5 $16) 21. Bxg7 $18 Kxg7 22. Qe2 Rf5 {[%emt 0:09:47] ...Raf8 is the strong threat.} 23. g4 {[%emt 0:15:48] White is clearly winning.} Rf7 (23... Rxf3 $142 24. Qxf3 Qxf3+ 25. Kxf3 Nb8) 24. Qe5+ Kg8 25. Ne4 Raf8 26. Qxe6 {[%emt 0:00:14] Threatens to win with Nfg5.} Nc7 27. Qxg6+ Rg7 28. Nf6+ Rxf6 29. Qxf6 Nd5 30. Qe6+ Rf7 {[%emt 0:01:18] [#]} 31. Qxf7+ $3 {[%emt 0:00:05] Weighted Error Value: White=0.11 (very precise) /Black=0.71} 1-0

[Event "IV Estrellas 2022"]
[Site "La Palma"]
[Date "2022.08.12"]
[Round "9.17"]
[White "Ramirez Maillo, Cristian"]
[Black "Diaz Perez, Michel Alejandro"]
[Result "1-0"]
[ECO "B22"]
[WhiteElo "1896"]
[BlackElo "2433"]
[Annotator "TA"]
[PlyCount "63"]
[EventDate "2022.08.06"]
[EventType "swiss"]
[EventCountry "ESP"]
[SourceTitle "playchess.com"]
[Source "ChessBase"]
[SourceQuality "1"]
[TimeControl "5400+30"]

1. e4 c5 2. c3 Nf6 3. e5 Nd5 4. g3 Nc6 5. Bg2 Nb6 6. Nf3 {[%emt 0:01:13] B22: Sicilian: 2 c3.} d5 7. exd6 Qxd6 (7... e5 {seems wilder.} 8. d4 exd4 9. O-O Bxd6 10. cxd4 O-O) 8. O-O $1 {[%emt 0:00:52] [#] White is slightly better.} e5 $146 {[%emt 0:11:03] Prevents d4.} ({Predecessor:} 8... g6 9. Na3 Be6 10. d4 cxd4 11. Nb5 Qd7 12. Nfxd4 Bd5 13. Bf4 Rc8 14. Re1 Bxg2 15. Nd6+ Kd8 16. Nxf7+ Ke8 17. Nd6+ Kd8 18. Ne6+ {1-0 (18) Thing,B (2264)-Kuzub,P (1976) Moscow 2019}) 9. Re1 {[%emt 0:02:48][%cal Of3e5] Threatens to win with Nxe5!} Be7 10. a4 Be6 11. a5 $1 Nd7 12. a6 b6 {[%emt 0:15:24] [#]} (12... bxa6 $14 13. Rxa6 Rc8) 13. d4 (13. Na3 $1 $16 {[%cal Ra3b5] Nb5 is the strong threat.} Rc8 14. d3) 13... cxd4 (13... exd4 $2 14. Bf4 Qd5 15. Nh4 Qxg2+ 16. Kxg2 $18) (13... O-O $1 $14) 14. cxd4 {[%emt 0:00:35] aiming for Nc3.} exd4 {[%emt 0:02:15] Black cannot hold the game after this.} (14... Bg4 $16) 15. Bf4 $18 ({Less strong is} 15. Nxd4 Qxd4 16. Bxc6 Qxd1 17. Rxd1 Rd8 $16) 15... Qc5 (15... Qb4 {was called for.} 16. Ra4 Qxb2) 16. Na3 {[%emt 0:07:10][%cal Bb1a3,Ba3c2,Bc2b4][%mdl 32] White is clearly winning.} (16. Nxd4 Qxd4 17. Bxc6 Qxd1 18. Rxd1 Rc8 $16) 16... Bd5 (16... Qh5 $142 17. Nxd4 Qxd1 18. Raxd1 Nxd4 19. Bxa8 Bc5) 17. Rc1 Qb4 18. Nc2 {[%emt 0:06:55][%mdl 64] Deflection} Qb3 19. Nfxd4 Nxd4 20. Qxd4 Nf6 21. Nb4 Bxg2 22. Rxe7+ Kxe7 23. Qd6+ (23. Kxg2 Qe6 $16) 23... Ke8 24. Re1+ ({Weaker is} 24. Kxg2 Qe6 $16) 24... Be4 {[%emt 0:00:21] [#]} 25. Qc6+ (25. Rxe4+ $142 $1 Nxe4 26. Qc6+ Ke7 27. Qb7+ Kf6 28. Qxe4) 25... Ke7 (25... Kf8 $142 26. Rxe4 Qd1+ 27. Kg2 Qd8) 26. Rxe4+ {[%emt 0:01:53][%mdl 64] Remove Defender} Nxe4 27. Nd5+ Qxd5 28. Qxd5 Nf6 29. Qd6+ Ke8 30. Qc6+ Ke7 31. Bd6+ Ke6 32. Bb8+ {[%emt 0:00:07] Weighted Error Value: White=0.49/Black=0.54} 1-0

[Event "IV Estrellas 2022"]
[Site "La Palma"]
[Date "2022.08.12"]
[Round "9.18"]
[White "Martin Ramos, Daniel"]
[Black "Lopez Pereyra, Antonio"]
[Result "1-0"]
[ECO "A96"]
[WhiteElo "1582"]
[BlackElo "1989"]
[Annotator "TA"]
[PlyCount "120"]
[EventDate "2022.08.06"]
[EventType "swiss"]
[EventCountry "ESP"]
[SourceTitle "playchess.com"]
[Source "ChessBase"]
[SourceQuality "1"]
[TimeControl "5400+30"]

1. Nf3 d6 2. d4 f5 3. g3 Nf6 4. Bg2 e6 5. c4 Be7 6. Nc3 O-O 7. O-O a5 8. Re1 Ne4 9. Nd2 {[%emt 0:03:26] A96: Classical Dutch: Fluid Systems: Early deviations.} Nxc3 10. bxc3 e5 11. e4 {[%emt 0:11:23] White is slightly better.} f4 12. Nf3 {[%emt 0:01:49] [#]} Nc6 $146 ({Predecessor:} 12... fxg3 13. fxg3 Nc6 14. Be3 Bg4 15. h3 Bxf3 16. Bxf3 Bg5 17. Bf2 Qf6 18. Kg2 Bd2 19. Qxd2 Qxf3+ {0-1 (27) Raivio,Y-Naumkin,I (2450) Jyvaskyla 1993}) 13. d5 (13. gxf4 $11 exf4 14. Ba3) 13... Nb8 14. gxf4 exf4 15. Nd4 Bf6 16. Qf3 Na6 (16... Nd7 $1 $17 {[%cal Rd7e5] White must now prevent ...Ne5.} 17. Qe2 (17. Bxf4 Bxd4 18. cxd4 Qf6 $15) 17... Nb6) 17. Bh3 $15 ({Wrong is} 17. Bxf4 $2 g5 18. Qg3 (18. e5 $2 Bxe5 19. Bxe5 Rxf3 $19) 18... Bxd4 19. cxd4 Rxf4 $19) 17... Nc5 18. Ba3 Be5 (18... Nd7 $15 19. Be6+ Kh8) 19. Bxc8 $16 Rxc8 (19... Qxc8 $142 20. Bxc5 dxc5) 20. Bxc5 dxc5 21. Ne6 Qf6 22. Nxf8 {[%emt 0:00:17] White is more active.} Rxf8 23. Rac1 Qa6 24. Qg4 Re8 25. Rb1 Kh8 (25... Bxc3 $16 26. Rec1 (26. Qxf4 Bxe1 27. Rxe1 Qxc4 $11) 26... Be5) 26. Qf5 b6 27. Qd7 Rg8 {[%emt 0:06:54] [#]} (27... Qa8 $16 28. Re2 Rd8) 28. Qe6 $1 $18 Bxc3 29. Rec1 Bd4 {[%emt 0:00:55] [#]} 30. e5 $1 Qa8 31. Qf5 (31. d6 $18) 31... Rf8 $16 32. Qg5 h6 33. Qe7 (33. Qh5 $18 {and White stays clearly on top.}) 33... Re8 $2 (33... Qc8 $16 {is tougher.} 34. e6 Bf6) 34. Qxc7 $18 Bxe5 35. Qxb6 Kh7 36. Kh1 Qc8 37. Rg1 Qf5 {[%emt 0:00:14] Against Qg6+} 38. Rbe1 {[%emt 0:01:03] Against Qe4+} f3 39. Qb1 Qxb1 40. Rxb1 {[%emt 0:00:01][%mdl 4096] Endgame KRR-KRB} Rf8 41. Rge1 Rf5 (41... Bd4 $142 42. Kg1 Kg6 43. Re6+ Kg5) 42. Rbd1 Rh5 43. Rxe5 Rxe5 {[%emt 0:00:02] KR-KR} 44. d6 Re8 45. d7 (45. h4 $18) 45... Rd8 $16 46. h4 {[%emt 0:00:16] Hoping for Kh2.} g5 $2 (46... Kg6 $16) 47. hxg5 $18 hxg5 48. Kh2 Kg6 49. Kg3 Kf6 50. Kxf3 Kf5 51. Rd5+ (51. Rd3 $142 a4 52. Rd5+ Ke6 53. Kg4) 51... Kf6 52. Kg4 Ke7 53. Rxg5 (53. Kxg5 $142 {Intending Kf5 and mate.} Rg8+ 54. Kf5) 53... Rf8 54. Rd5 Kd8 55. f4 {[%emt 0:00:04] White wants to mate with f5.} Rg8+ 56. Kf5 Rg2 57. Ke5 (57. Ke6 $142 Rb2 58. a4 Re2+ 59. Kd6 Rf2 60. Rxc5 Rd2+ 61. Rd5 Rb2 62. c5) 57... Rxa2 58. Kd6 {[%emt 0:00:46] Rg5 would kill now.} a4 59. Kxc5 (59. Rg5 $142 Rd2+ 60. Kc6 Rxd7 61. Rg8+ Ke7 62. Rg7+ Kf6 63. Rxd7 a3 64. Kxc5) 59... Rb2 60. Kc6 a3 {[%emt 0:04:16] Weighted Error Value: White=0.47/Black=0.84} 1-0